 Dungeon Crawl Stone Soup version 0.27-a0-1529-g1e82c303ef (webtiles) character file.

Game seed: 375711646206655806

609 nyamberluvr69 the Slasher (level 7, 0/78 HPs)
             Began as an Octopode Berserker on July 12, 2021.
             Was a Priest of Trog.
             Slain by a sky beast (3 damage)
             ... on level 5 of the Dungeon.
             The game lasted 00:05:38 (5355 turns).

nyamberluvr69 the Slasher (Octopode Berserker)      Turns: 5355, Time: 00:05:39

Health: 0/78       AC:  1    Str: 17    XL:     7   Next: 43%
Magic:  7/7        EV: 13    Int:  9    God:    Trog [***...]
Gold:   237        SH:  0    Dex: 13    Spells: 6/6 levels left

rFire    . . .     SeeInvis .   k - +2 short sword (elec)
rCold    . . .     Faith    .   (no shield)
rNeg     . . .     Spirit   .   (helmet restricted)
rPois    .         Reflect  .   (no amulet)
rElec    .         Harm     .   (no ring)
rCorr    .         Rampage  .   (no ring)
Will     .....                  (no ring)
Stlth    ..........             (no ring)
HPRegen  0.23/turn              (no ring)
MPRegen  0.10/turn              (no ring)
                                (no ring)
                                (no ring)

@: berserking, very quick
A: almost no armour, amphibious, 8 rings, camouflage 1, gelatinous body 1,
(nimble swimmer 1), tentacles
a: Renounce Religion, Berserk, Trog's Hand


You were on level 5 of the Dungeon.
You worshipped Trog.
Trog was most pleased with you.
You visited 1 branch of the dungeon, and saw 5 of its levels.

You collected 237 gold pieces.

Inventory:

Hand Weapons
 a - a +0 falchion
 k - a +2 short sword of electrocution (weapon)
Missiles
 r - 4 atropa-tipped darts (quivered)
Jewellery
 l - an amulet of guardian spirit
Wands
 m - a wand of paralysis (5)
 o - a wand of polymorph (7)
 t - a wand of iceblast (9)
Scrolls
 b - 4 scrolls of identify {unknown}
 h - a scroll of enchant weapon {unknown}
 j - a scroll of vulnerability {unknown}
 s - 2 scrolls of teleportation {unknown}
 u - 2 scrolls of silence {unknown}
 v - a scroll of noise {unknown}
Potions
 c - 2 potions of haste {unknown}
 d - 2 potions of degeneration {unknown}
 e - a potion of flight {unknown}
 f - a potion of cancellation {unknown}
 g - 5 potions of curing {unknown}
 i - 4 potions of heal wounds {unknown}
 n - a potion of ambrosia {unknown}
 p - a potion of berserk rage {unknown}
 q - a potion of might {unknown}


   Skills:
 + Level 6.2 Fighting
 + Level 6.2 Long Blades
 - Level 3.0 Dodging


You had 6 spell levels left.
You didn't know any spells.
Your spell library was empty.

Dungeon Overview and Level Annotations

Branches:
Dungeon (5/15)
 Temple: D:4-7

Altars:
Okawaru
Ru


Innate Abilities, Weirdness & Mutations

You cannot wear most types of armour.
You are amphibious.
You can wear up to eight rings at the same time.
Your skin changes colour to match your surroundings (Stealth+).
Your rubbery body absorbs attacks. (AC +1, EV +1)
((You are camouflaged near water. (Stealth+)))
You have tentacles for arms and can constrict up to eight enemies at once.


Message History

A sky beast appears from thin air!
Reactivating autopickup.
You puncture the sky beast!
You squeeze the sky beast, but do no damage.
The sky beast is moderately wounded.
The sky beast hits you. The sky beast shocks you.
You closely miss the sky beast. Your squeeze misses the sky beast.
The sky beast is moderately wounded.
The sky beast flickers out of sight!
Deactivating autopickup; reactivate with Ctrl-A.
Something hits you. Something shocks you.
You closely miss something. Your squeeze misses something.
Something completely misses you.
You barely miss something.
A sky beast appears from thin air!
Reactivating autopickup.
The sky beast hits you. The sky beast shocks you.
* * * LOW HITPOINT WARNING * * *
You barely miss the sky beast. You squeeze the sky beast!
The sky beast is severely wounded.
You feel the effects of Trog's Hand fading.
The sky beast hits you.
* * * LOW HITPOINT WARNING * * *
The sky beast shocks you.
* * * LOW HITPOINT WARNING * * *
Your skin stops crawling.
You feel less strong-willed.
The sky beast flickers out of sight!
Deactivating autopickup; reactivate with Ctrl-A.
A red film seems to cover your vision as you go berserk!
You feel yourself moving faster!
You feel mighty!
You barely miss something. Your squeeze misses something. Something hits you.
* * * LOW HITPOINT WARNING * * *
Something shocks you.
* * * LOW HITPOINT WARNING * * *
You closely miss something. Something hits you.
* * * LOW HITPOINT WARNING * * *
Something shocks you.
* * * LOW HITPOINT WARNING * * *
You completely miss something. You hit something. Something hits you.
You die...

#############
#####(..........#
#.@..........##.#
#.####.#####.# #.
#.# #.# #. #.#
#.## #. ..# #..#
## ########.#
.........#
##.......# #
#.####)##.#


There were no monsters in sight!

Vanquished Creatures
  Sigmund (D:3)
  An ogre (D:5)
  A hound (D:4)
  An orc priest (D:3)
  Natasha (thrice) (D:3)
  An iguana (D:3)
  An orc wizard (D:3)
  Ijyb (D:3)
  5 adders
  A howler monkey zombie (D:4)
  A worm (D:2)
  A dart slug (D:1)
  8 orcs
  5 ball pythons
  9 endoplasms
  4 giant cockroaches
  8 hobgoblins
  8 jackals (D:4)
  4 kobolds
  6 quokkas
  6 bats
  2 frilled lizards (D:2)
  6 goblins
  20 rats
104 creatures vanquished.

Notes
Turn   | Place    | Note
-------+----------+-------------------------------------------
     0 | D:1      | nyamberluvr69 the Octopode Berserker began the quest for
                  | the Orb.
     0 | D:1      | Reached XP level 1. HP: 16/16 MP: 1/1
   363 | D:1      | Reached XP level 2. HP: 18/21 MP: 2/2
  1040 | D:1      | Reached XP level 3. HP: 22/26 MP: 3/3
  1648 | D:2      | Reached ** piety under Trog
  1649 | D:2      | Reached XP level 4. HP: 23/33 MP: 4/4
  2698 | D:3      | Noticed Ijyb
  2703 | D:3      | Paralysed by Ijyb for 2 turns
  2707 | D:3      | Killed Ijyb
  2807 | D:3      | Found a sacrificial altar of Ru.
  2825 | D:3      | Noticed Sigmund
  2831 | D:3      | Found a faded altar of an unknown god.
  2840 | D:3      | Killed Sigmund
  2841 | D:3      | Reached skill level 5 in Fighting
  2841 | D:3      | Reached skill level 5 in Long Blades
  2841 | D:3      | Reached XP level 5. HP: 23/39 MP: 5/5
  2841 | D:3      | Reached XP level 6. HP: 27/45 MP: 6/6
  3196 | D:3      | Found an iron altar of Okawaru.
  3218 | D:3      | Noticed Natasha
  3225 | D:3      | Killed Natasha
  3914 | D:3      | Reached *** piety under Trog
  4105 | D:3      | Noticed Natasha
  4113 | D:3      | Killed Natasha
  4344 | D:3      | Noticed Natasha
  4350 | D:3      | Killed Natasha
  4351 | D:3      | Reached XP level 7. HP: 32/51 MP: 7/7
  5241 | D:5      | Entered Level 5 of the Dungeon
  5353 | D:5      | HP: 2/78 [something (5)]
  5355 | D:5      | Slain by a sky beast

Illustrated notes

Levels and vault maps discovered:
D:1:      eino_arrival_tree_alley, layout_basic, skrybe_limestone_x,
          item_on_display_a
D:2:      layout_basic
D:3:      layout_basic, general_overflow_altar, nicolae_ru_awakened_eye,
          chequers_ecumenical_altar_island, serial_corexii_hall,
          corexii_hall_statues_i, corexii_hall_statues_x, minmay_rat_hole,
          uniq_natasha, uniq_ijyb, uniq_sigmund
D:4:      layout_rooms, minmay_fractal_squares_gapless_5
D:5:      layout_basic, makhleb_altar_promises_db

Skill      XL: |  1  2  3  4  5  6  7 |
---------------+----------------------+-----
Fighting       | 4 5 6 |  6.2
Long Blades    | 4 5 6 |  6.2
Dodging        | |  3.0

Action                   |  1- 3 |  4- 6 |  7- 9 || total
-------------------------+-------+-------+-------++-------
Melee: Falchion          |    49 |     9 |       ||    58
       Constrict         |    19 |    24 |     5 ||    48
       Tentacles         |    13 |    10 |     7 ||    30
       Short sword       |       |    73 |    52 ||   125
Invok: Berserk           |       |     4 |     4 ||     8
       Trog's Hand       |       |       |     2 ||     2
 Stab: Sleeping          |     5 |     9 |     1 ||    15
Armor: Skin              |     4 |     5 |     1 ||    10
Dodge: Dodged            |    31 |    58 |    29 ||   118
       Rpst.: Falchion   |    11 |     3 |       ||    14

Table legend: (Time is in decaauts)
 A = Elapsed time spent in this place.
 B = Non-inter-level travel time spent in this place.
 C = Inter-level travel time spent in this place.
 D = Time resting spent in this place.
 E = Time spent auto-exploring this place.
 F = Levels seen in this place.
 G = Mean time per level.
                   A        B        C        D        E       F      G
               +--------+--------+--------+--------+--------+-----+--------+
         Total |   5421 |   5382 |     39 |   1200 |   3568 |   5 | 1084.2 |
       Dungeon |   5421 |   5382 |     39 |   1200 |   3568 |   5 | 1084.2 |
               +--------+--------+--------+--------+--------+-----+--------+

Top non-repeatable levels by time:
     D:3: 2106 daAuts
     D:2: 1343 daAuts
     D:1: 1107 daAuts
     D:4: 744 daAuts
     D:5: 120 daAuts
